 Dungeon Crawl Stone Soup version 0.31-a0-1010-g5322dac6a2 (webtiles) character file.

Game seed: 5876521588460827249

26 kae the Shield-Bearer (level 3, 0/29 HPs)
             Began as a Formicid Fighter on Nov 16, 2023.
             Succumbed to a kobold's poison
             ... on level 1 of the Dungeon.
             The game lasted 00:00:31 (387 turns).

kae the Shield-Bearer (Formicid Fighter)             Turns: 387, Time: 00:00:32

Health: 0/29       AC:  6    Str: 22    XL:     3   Next: 22%
Magic:  3/3        EV:  8    Int:  7    God:
Gold:   35         SH:  9    Dex: 13    Spells: 2/2 levels left

rFire   . . .        a - +0 flail
rCold   . . .        e - +0 kite shield
rNeg    . . .        b - +0 scale mail
rPois   .            (helmet unavailable)
rElec   .            (no cloak)
rCorr   .            (no gloves)
SInv    +            (no boots)
Will    .....        (no amulet) Stlth
                     (no ring)
HPRegen 0.24/turn    (no ring)
MPRegen 0.08/turn

%: no passive effects
@: lethally poisoned (0 -> -9)
A: permanent stasis, dig shafts and tunnels, antennae 3, four strong arms
a: Dig, Shaft Self


You were on level 1 of the Dungeon.
You visited 1 branch of the dungeon, and saw 1 of its levels.

You collected 35 gold pieces.


Innate Abilities, Weirdness & Mutations

You cannot be hasted, slowed, berserked, paralysed or teleported.
You can dig through walls and to a lower floor.
You have a pair of large antennae on your head. (SInv)
Your four strong arms can wield two-handed weapons with a shield.


   Skills:
 + Level 3.4 Fighting
 + Level 3.3 Maces & Flails
 - Level 3.2 Armour
 - Level 4.0 Shields


You had 2 spell levels left.
You didn't know any spells.
Your spell library was empty.

Inventory:

Hand Weapons
 a - a +0 flail (weapon)
Missiles
 f - 8 stones
Armour
 b - a +0 scale mail (worn)
 c - a +0 buckler
 e - a +0 kite shield (worn)
   (You found it on level 1 of the Dungeon)
Potions
 d - 3 potions of might

Dungeon Overview and Level Annotations

Branches:
Dungeon (1/15) Zot: 5591

Altars:

### #.. , .
#######.# ,...
......#.###.....
#....@g......
#..#.###.....
#..#.# ... #..#†#
. ##### #..#.#
#####...###..#.#
..........##.^#.#
#####...........#
# #.....#...###


You could see a hobgoblin.


Message History

You kill the endoplasm!
You have reached level 3!
Your experience leads to an increase in your attributes!
Increase (S)trength, (I)ntelligence, or (D)exterity?
You feel stronger. x2 😎 HP[+5] MP[+1]
You now have 29 max hp (+5).
Your hp is fully restored (29).
Your mp is fully restored (3).
Your library has no spells.
Unknown command.
You sense a monster nearby.
No target in view!
No target in view!
A ball python comes into view.
The ball python hisses angrily.
A ball python is nearby!
You barely miss the ball python. You block the ball python's attack. x2
The ball python bites you but does no damage.
The ball python grabs you. The ball python constricts you.
A ball python is nearby!
You hit the ball python.
You kill the ball python!
No target in view!
A rat comes into view.
A rat is nearby!
You block the rat's attack.
You closely miss the rat. The rat barely misses you.
The rat bites you but does no damage.
A rat is nearby!
You hit the rat.
You kill the rat!
No target in view!
f - 8 stones (gained 3)
You see here a rat corpse.
A ball python and a dart slug come into view.
The ball python hisses angrily.
You hear a shout!
A hobgoblin comes into view.
You sock the dart slug!
A kobold comes into view. It is wielding a +1 dagger of venom.
The dart slug bites you but does no damage.
The kobold shouts!
You sock the dart slug!
You kill the dart slug!
There are monsters nearby!
You block the ball python's attack. The ball python grabs you.
The ball python constricts you. The ball python barely misses you.
The ball python constricts you.
You hit the ball python. You block the ball python's attack.
The ball python constricts you.
There are monsters nearby!
You sock the ball python!
You kill the ball python!
You closely miss the kobold.
The kobold hits you with a +1 dagger of venom.
You are poisoned.
The kobold hits you with a +1 dagger of venom.
You are more poisoned. 😕 HP[-3]
You take 3 damage, and now have 26/29 hp.
There are monsters nearby!
You hit the kobold but do no damage.
You feel extremely sick. The kobold closely misses you.
You are too injured to fight recklessly! 😮 HP[-7]
You take 7 damage, and now have 19/29 hp.
MASSIVE DAMAGE!! (PAUSE)
You closely miss the kobold.
You feel very sick.
The kobold hits you with a +1 dagger of venom.
* * * LOW HITPOINT WARNING * * *
The kobold hits you with a +1 dagger of venom.
* * * LOW HITPOINT WARNING * * *
You are lethally poisoned!
Unknown command. 😨 HP[-8]
You take 8 damage, and now have 11/29 hp.
MASSIVE DAMAGE!! (PAUSE) Unknown command.
Okay, then.
You aren't carrying any scrolls.
Unknown command.
You aren't carrying any items that you can evoke.
You barely miss the kobold.
* * * LOW HITPOINT WARNING * * *
You feel very sick. You block the kobold's attack. 😱 HP[-4]
You take 4 damage, and now have 7/29 hp.
Unknown command.
You hit the kobold.
You kill the kobold!
* * * LOW HITPOINT WARNING * * *
You feel very sick. 😱 HP[-4]
You take 4 damage, and now have 3/29 hp.
You hit the hobgoblin.
You die...

Skill      XL: |  1  2 |
---------------+-------+-----
Maces & Flails | 3 |  3.3
Fighting       | |  3.4
Armour         | |  3.2
Shields        | |  4.0

Action                     || total
---------------------------++-------
  Melee: Flail             ||    58
 Armour: Scale mail        ||    37
  Dodge: Dodged            ||    18
  Block: Buckler           ||     3
         Kite shield       ||    27

Levels and vault maps discovered:
D:1:      dpeg_arrival_water_fire, layout_loops_ring, minmay_quantized

Notes
Turn   | Place    | Note
-------+----------+-------------------------------------------
     0 | D:1      | kae the Formicid Fighter began the quest for the Orb.
     0 | D:1      | Reached XP level 1. HP: 18/18 MP: 1/1
     0 | D:1      | magus.rc [v1.11.3]
   182 | D:1      | Reached XP level 2. HP: 24/24 MP: 2/2
   234 | D:1      | Reached skill level 3 in Maces & Flails
   336 | D:1      | Reached XP level 3. HP: 29/29 MP: 3/3
   385 | D:1      | HP: 7/29 [poisoned by a kobold]
   386 | D:1      | HP: 3/29 [poisoned by a kobold]
   387 | D:1      | Succumbed to a kobold's poison

Vanquished Creatures
  A dart slug (D:1)
  6 ball pythons (D:1)
  3 endoplasms (D:1)
  A giant cockroach (D:1)
  2 goblins (D:1)
  A jackal (D:1)
  3 kobolds (D:1)
  A quokka (D:1)
  4 rats (D:1)
22 creatures vanquished.

Table legend:
 A = Non-vault XP
 B = Vault XP
 C = Vault XP percentage of total XP
 D = Non-vault monster count
 E = Vault monster count
 F = Vault count percentage of total count
                 A         B        C        D         E       F
            +---------+---------+-------+---------+---------+-------
      Total |      26 |      12 |  31.6 |      15 |       7 |  31.8
            +---------+---------+-------+---------+---------+-------
        D:1 |      26 |      12 |  31.6 |      15 |       7 |  31.8
            +---------+---------+-------+---------+---------+-------

Skill      XL: |  1  2 |
---------------+-------+-----
Maces & Flails | 3 |  3.3
Fighting       | |  3.4
Armour         | |  3.2
Shields        | |  4.0

Action                     || total
---------------------------++-------
  Melee: Flail             ||    58
 Armour: Scale mail        ||    37
  Dodge: Dodged            ||    18
  Block: Buckler           ||     3
         Kite shield       ||    27

Illustrated notes

Table legend:
 A = Kills in this place as a percentage of kills in the entire game.
 B = Kills by you in this place as a percentage of kills by you in the entire game.
 C = Kills by friends in this place as a percentage of kills by friends in the entire game.
 D = Other kills in this place as a percentage of other kills in the entire game.
 E = Experience gained in this place as a percentage of experience gained in the entire game.
 F = Experience gained in this place divided by the number of levels of this place that you have seen.
                   A       B       C       D       E      F
               +-------+-------+-------+-------+-------+----------------------
         Total | 100.0 | 100.0 |   N/A |   N/A | 100.0 |  38.0
       Dungeon | 100.0 | 100.0 |   N/A |   N/A | 100.0 |  38.0
               +-------+-------+-------+-------+-------+----------------------

Table legend: (Time is in decaauts)
 A = Elapsed time spent in this place.
 B = Non-inter-level travel time spent in this place.
 C = Inter-level travel time spent in this place.
 D = Time resting spent in this place.
 E = Time spent auto-exploring this place.
 F = Levels seen in this place.
 G = Mean time per level.
                   A        B        C        D        E       F      G
               +--------+--------+--------+--------+--------+-----+--------+
         Total |    408 |    408 |      0 |     19 |    251 |   1 |  408.0 |
       Dungeon |    408 |    408 |      0 |     19 |    251 |   1 |  408.0 |
               +--------+--------+--------+--------+--------+-----+--------+

Top non-repeatable levels by time:
     D:1: 408 daAuts
